 Dungeon Crawl Stone Soup version 0.29-a0-322-g68df515428 (webtiles) character file.

Game seed: 3770469410870234609

2 GigaChad the Sneak (level 1, -17/17 HPs)
             Began as a Vampire Delver on Apr 7, 2022.
             Killed from afar by Ijyb (34 damage)
             ... with a bolt of acid
             ... on level 5 of the Dungeon.
             The game lasted 00:00:07 (27 turns).

GigaChad the Sneak (Vampire Delver)                   Turns: 27, Time: 00:00:08

Health: -17/17     AC:  3    Str: 11    XL:     1   Next: 33%
Magic:  1/1        EV: 12    Int: 12    God:
Gold:   0          SH:  0    Dex: 15    Spells: 0/0 levels left

rFire   . . .      SeeInvis +   a - +0 falchion
rCold   . . .      Faith    .   (no shield)
rNeg    . . .      Spirit   .   b - +0 leather armour
rPois   .          Reflect  .   (no helmet)
rElec   .          Harm     .   (no cloak)
rCorr   .          Rampage  .   (no gloves)
Will    .....                   (no boots)
Stlth   +++.......              (no amulet)
HPRegen 0.25/turn               (no ring)
MPRegen 0.07/turn               (no ring)

@: healing quickly
A: alive, fangs 3, see invisible, vampiric 1
a: Exsanguinate


You were on level 5 of the Dungeon.
You visited 1 branch of the dungeon, and saw 1 of its levels.

Inventory:

Hand Weapons
 a - a +0 falchion (weapon)
Armour
 b - a +0 leather armour (worn)
Wands
 g - a wand of digging (3)
Scrolls
 c - a scroll of fog
 d - a scroll of magic mapping
 e - a scroll of fear
Potions
 f - a potion of haste


   Skills:
 + Level 2.7 Fighting
 + Level 2.0 Long Blades
 + Level 2.2 Dodging
 + Level 7.4 Stealth


You couldn't memorise any spells.
You didn't know any spells.
Your spell library was empty.

Dungeon Overview and Level Annotations

Branches:
Dungeon (5/15)
 Temple: D:4-7

Altars:
Hepliaklqana

Annotations:
D:5 Ijyb


Innate Abilities, Weirdness & Mutations

Your natural rate of healing is accelerated.
You have razor-sharp teeth.
You have supernaturally acute eyesight. (SInv)
You are afflicted with vampirism.


Message History

Welcome, GigaChad the Vampire Delver.
Everyone else who sought the Orb of Zot has failed.
Will you be different?
Press ? for a list of commands and other information.
Found a stone staircase leading down and a stone staircase leading up.
You open the door.
A dart slug comes into view.
Found a scroll labelled COBYPH JURANN and 23 gold pieces.
There is an open door here.
The dart slug barely misses you.
You completely miss the dart slug. The dart slug launches a dart at you.
The slug dart hits you.
You hit the dart slug but do no damage. The dart slug misses you.
You hit the dart slug. You bite the dart slug.
You kill the dart slug!
You see here a dart slug corpse.
Found a hazy altar of Hepliaklqana.
Ijyb shouts!
You open the door.
Ijyb zaps a wand.
The bolt of acid hits you!!
Ouch! That really hurt!
You die...

#.#.#######.#####.
#...#.....#.......
#...#.....#.......
....#.._..#.........#
....#.$.g.#?.... ...
....#.....#..######..##
....###'###....... ..<.
#....@......# #..#
#..##.......# #..## ...
##.......# #..# #
#.......########..#
#.......'........>.
#....†..#.##.######
#########.##.# #.##.#
#.##.#


You could see Ijyb.

Vanquished Creatures
  A dart slug (D:5)
1 creature vanquished.

Notes
Turn   | Place    | Note
-------+----------+-------------------------------------------
     0 | D:5      | GigaChad the Vampire Delver began the quest for the Orb.
     0 | D:5      | Reached XP level 1. HP: 17/17 MP: 1/1
    20 | D:5      | Found a hazy altar of Hepliaklqana.
    22 | D:5      | Noticed Ijyb
    27 | D:5      | Killed from afar by Ijyb

Illustrated notes

Levels and vault maps discovered:
D:5:      layout_basic, nicolae_yredelemnul_corpse_copse, amcnicky_altar_gilded,
          lemuel_doored_altar, minmay_bent, uniq_duvessa, uniq_ijyb

Action                   || total
-------------------------++-------
Melee: Falchion          ||     3
       Bite              ||     1
Dodge: Dodged            ||     2

Table legend: (Time is in decaauts)
 A = Elapsed time spent in this place.
 B = Non-inter-level travel time spent in this place.
 C = Inter-level travel time spent in this place.
 D = Time resting spent in this place.
 E = Time spent auto-exploring this place.
 F = Levels seen in this place.
 G = Mean time per level.
                   A        B        C        D        E       F      G
               +--------+--------+--------+--------+--------+-----+--------+
         Total |     27 |     27 |      0 |      0 |      0 |   1 |   27.0 |
       Dungeon |     27 |     27 |      0 |      0 |      0 |   1 |   27.0 |
               +--------+--------+--------+--------+--------+-----+--------+

Top non-repeatable levels by time:
     D:5: 27 daAuts
